AoeStats
← MatzeAoE

MegaRandom

505716379Analyzed
1v1 RM · 22d ago on Sep 10, 2026· 32m 18s· 2 players
Game mode
Random Map
Map size
Tiny (2 player)
Population
200
Speed
Normal
Resources
Standard
Victory
Conquest
Starting age
Dark Age
Ending age
Imperial Age
RankedLock teamsTeams togetherTeam positionsShared explorationLock speedFull tech treeHidden civsTurbo modeCheats
Victory
Defeat
🇧🇷 Saracens · Brazil
2150
+19
🇩🇪 Burgundians · Germany
2212
-19
SupeR_Artur
3:45 Loom
5:23 Loom
12:00 Feudal Age
15:42 Castle Age
13:44 Double-Bit Axe
15:11 Horse Collar
16:37 Bow Saw
22:29 Wheelbarrow
22:46 Stone Mining
24:14 Devotion
26:21 Gold Mining
30:27 Imperial Age
28:45 Fletching
29:20 Forging
30:30 Town Watch
31:00 Hand Cart
31:34 Conscription
MatzeAoE
7:46 Double-Bit Axe
8:47 Horse Collar
9:17 Loom
12:06 Feudal Age
17:29 Castle Age
16:27 Bow Saw
16:11 Gold Mining
18:58 Cavalier
21:44 Sanctity
21:30 Heavy Plow
22:15 Atonement
23:10 Wheelbarrow
22:43 Stone Mining
24:00 Fervor
25:16 Two-Man Saw
25:17 Hand Cart
26:05 Two-Man Saw
26:14 Town Watch
27:31 Fletching
29:05 Gold Shaft Mining
30:37 Scale Barding Armor
34:14 Imperial Age
Connection lost

Rejoining the realm…

Still unreachable

The connection could not be restored.

Session expired

The server has moved on; the page needs a fresh start.